 Dungeon Crawl Stone Soup version 0.22-a0-402-ga933591 (webtiles) character file.

4762 GameOver the Merchant of Misery (level 10, -2/75 HPs)
             Began as a Naga Wizard on May 6, 2018.
             Was a Believer of Kikubaaqudgha.
             Slain by a two-headed ogre
             ... wielding a +0 giant club
              (8 damage)
             ... on level 9 of the Dungeon.
             The game lasted 00:59:41 (6319 turns).

GameOver the Merchant of Misery (Naga Wizard)       Turns: 6319, Time: 00:59:42

Health: -2/75      AC: 13    Str:  9    XL:     10   Next: 47%
Magic:  16/16      EV:  7    Int: 21    God:    Kikubaaqudgha [**....]
Gold:   540        SH:  0    Dex: 11    Spells: 11/18 levels left

rFire    . . .     SeeInvis +   s - +1 dagger of Tiypauc {flame, rPois}
rCold    . . .     Gourm    .   (no shield)
rNeg     . . .     Faith    .   O - +0 troll leather armour
rPois    +         Spirit   .   b - +0 hat
rElec    .         Reflect  .   v - scarf {repulsion}
rCorr    .         Harm     .   h - +0 pair of gloves
MR       +....                  B - +2 naga barding
Stlth    +++.......             m - amulet of magic regeneration
HPRegen  0.62/turn              k - ring of stealth
MPRegen  0.40/turn              (no ring)

@: drained, repel missiles, very slow
A: large, see invisible, deformed body, poison resistance, slowness 2, slow
metabolism 1, spit poison 1, AC +3
a: Spit Poison, Receive Corpses, Renounce Religion


You were on level 9 of the Dungeon.
You worshipped Kikubaaqudgha.
Kikubaaqudgha was pleased with you.
You were hungry.

You visited 2 branches of the dungeon, and saw 10 of its levels.

You collected 540 gold pieces.

Inventory:

Hand Weapons
 a - a +0 scimitar
 e - a +0 dire flail of crushing
 q - the +3 hunting sling of Megalomania {velocity, *Corrode rElec rF+++ Str+2}
   (You found it on level 7 of the Dungeon)

   Any stone fired from it inflicts extra damage.
   It affects your strength (+2).
   It renders you almost immune to fire.
   It insulates you from electricity.
   It may corrode you when you take damage.
 s - the +1 dagger of Tiypauc (weapon) {flame, rPois}
   (You found it on level 4 of the Dungeon)

   It has been specially enchanted to burn those struck by it, causing extra
   injury to most foes and up to half again as much damage against particularly
   susceptible opponents.
   It protects you from poison.
 w - a +1 spear
Missiles
 C - 63 arrows
Armour
 b - a +0 hat (worn)
 c - a +0 ring mail of cold resistance
 h - a +0 pair of gloves (worn)
 v - a scarf of repulsion (worn)
 B - a +2 naga barding (worn)
 O - a +0 troll leather armour (worn)
Magical Staves
 H - an uncursed staff of fire
Jewellery
 k - a ring of stealth (left hand)
 m - an amulet of magic regeneration (around neck)
Wands
 y - a wand of digging (11)
 E - a wand of flame (3)
 F - a wand of random effects (82)
 G - a wand of polymorph (15)
Scrolls
 g - 2 scrolls of enchant armour
 i - 2 scrolls of magic mapping {unknown}
 j - 4 scrolls of enchant weapon
 l - 2 scrolls of amnesia
 r - a scroll of identify
 z - a scroll of fear {unknown}
 K - a scroll of remove curse
Potions
 f - 7 potions of curing
 p - 4 potions of magic
 t - 2 potions of brilliance
 x - 2 potions of flight
 M - a potion of lignification {unknown}
Miscellaneous
 D - a fan of gales (inert)
Comestibles
 d - 21 rations
 o - 5 chunks of flesh


   Skills:
 * Level 3.0(2.3) Armour
 - Level 1.5(0.9) Dodging
 - Level 5.0(4.3) Stealth
 + Level 4.5(3.8) Spellcasting
 + Level 6.3(5.6) Conjurations
   Level 1.0(0.3) Summonings
 - Level 9.9(9.1) Necromancy
 - Level 4.4(3.7) Translocations
 + Level 7.0(6.3) Poison Magic


You had 11 spell levels left.
You knew the following spells:

 Your Spells              Type           Power        Failure   Level  Hunger
a - Magic Dart            Conj           ####         1%          1    None
b - Blink                 Tloc           N/A          5%          2    #......
d - Pain                  Necr           ####         1%          1    None
s - Mephitic Cloud        Conj/Pois/Air  ###.....     10%         3    ###....


Dungeon Overview and Level Annotations

Branches:
Dungeon (9/15)             Temple (1/1) D:6
   Lair: D:8-11         Orc: D:9-12

Altars:
Ashenzari
Cheibriados
Dithmenos
Elyvilon
Fedhas
Gozag
Hepliaklqana
Kikubaaqudgha
Makhleb
Nemelex Xobeh
Okawaru
Qazlal
Ru
Sif Muna
Trog
Uskayaw
Vehumet
Wu Jian
Xom
Yredelemnul
Zin
The Shining One

Shops:
D:9 [

Annotations:
D:9 Totori's ghost, journeyman OgFi


Innate Abilities, Weirdness & Mutations

You cannot wear boots.
Your serpentine skin is tough. (AC +3)
You have supernaturally acute eyesight. (SInv)
Armour fits poorly on your strangely shaped body.
Your system is resistant to poisons. (rPois)
You cover ground very slowly.
You have a slow metabolism.
You can spit poison.


Message History

The orc is severely wounded.
The adder bites you.
The orc wizard gestures wildly while chanting.
The orc wizard blinks!
The adder bites you but does no damage.
Unknown command.
You hit the two-headed ogre but do no damage.
The adder barely misses you.
Unknown command.
You hit the two-headed ogre but do no damage.
The adder bites you but does no damage.
The two-headed ogre hits you with a giant club.
The two-headed ogre hits you with a giant spiked club!
Unknown command.
You hit the two-headed ogre but do no damage.
The adder bites you but does no damage. The adder bites you.
The two-headed ogre hits you with a giant club!!
* * * LOW HITPOINT WARNING * * *
The two-headed ogre hits you with a giant spiked club!
You die...
Kikubaaqudgha rasps: "You have failed me!
Welcome... death!"

####### ##.....##
... #...oW..## ...
#...#S#W..##
#######. #..
#@#Wo..# ##.....##
#
#O##...###.......#
.To#.W..#..⌠...(..
#.#V#......⌠....[⌠.
#. .##....⌠.._._..(
8. ..#.#......⌠....
.. _.###..⌠(._)_.(⌠
#.. .⌠#
##..⌠(....⌠.
##(.⌠...⌠..


You could see a two-headed ogre, a troll, a vampire (invisible), an orc wizard,
Totori's ghost, an adder and an orc.

Vanquished Creatures
  2 two-headed ogres
  Joseph (D:9)
  2 trolls (D:9)
  3 wraiths (D:8)
  A spriggan (D:7)
  Edmund (D:6)
  A water moccasin (D:8)
  An ice beast (D:7)
  Duvessa (D:7)
  2 sky beasts (D:8)
  2 black bears
  A phantom (D:6)
  An ogre (D:4)
  2 centaurs
  2 bullfrogs
  3 scorpions
  Dowan (D:7)
  3 killer bees
  A wight (D:9)
  2 electric eels (D:6)
  A bullfrog zombie (D:5)
  2 crimson imps (D:5)
  5 hounds
  A jelly (D:8)
  A bullfrog skeleton (D:5)
  An orc wizard (D:4)
  An iguana (D:5)
  5 worker ants
  A hound zombie (D:6)
  A howler monkey skeleton (D:4)
  7 adders
  A shadow imp (D:5)
  An ooze (D:1)
  An adder zombie (D:7)
  3 adder skeletons
  4 worms
  5 dart slugs
  5 leopard geckos
  10 orcs
  9 bats
  4 giant cockroaches
  8 goblins
  10 hobgoblins
  5 jackals
  5 kobolds
  7 quokkas
  3 ball pythons
  A frilled lizard (D:2)
  A jackal zombie (D:5)
  A leopard gecko zombie (D:5)
  A quokka zombie (D:8)
  5 rats
149 creatures vanquished.

Vanquished Creatures (others)
  An orc (D:6)
1 creature vanquished.

Grand Total: 150 creatures vanquished

Notes
Turn   | Place    | Note
-------+----------+-------------------------------------------
     0 | D:1      | GameOver the Naga Wizard began the quest for the Orb.
     0 | D:1      | Reached XP level 1. HP: 15/15 MP: 4/4
    96 | D:1      | Reached XP level 2. HP: 22/22 MP: 4/6
   443 | D:1      | Reached XP level 3. HP: 25/28 MP: 2/7
   448 | D:1      | Learned a level 2 spell: Blink
   452 | D:1      | Learned a level 3 spell: Mephitic Cloud
   702 | D:2      | Reached skill level 1 in Poison Magic
   747 | D:2      | Reached XP level 4. HP: 36/36 MP: 4/8
   815 | D:2      | Found a blossoming altar of Fedhas.
   815 | D:2      | Found an ancient bone altar of Kikubaaqudgha.
   821 | D:2      | Became a worshipper of Kikubaaqudgha
  1094 | D:3      | Found a shimmering altar of Xom.
  1229 | D:3      | Found a sparkling altar of Nemelex Xobeh.
  1279 | D:3      | Reached XP level 5. HP: 42/42 MP: 9/9
  1632 | D:4      | Reached skill level 5 in Stealth
  1632 | D:4      | Reached skill level 1 in Necromancy
  1658 | D:4      | Noticed an ogre
  1672 | D:4      | Killed an ogre
  1672 | D:4      | Reached XP level 6. HP: 26/49 MP: 7/10
  1764 | D:4      | Got a bone dagger
  1765 | D:4      | Identified the cursed +1 dagger of Tiypauc {flame, rPois} (You found it on level 4 of the Dungeon)
  1840 | D:4      | Reached skill level 2 in Necromancy
  1903 | D:4      | Reached * piety under Kikubaaqudgha
  1903 | D:4      | Identified Kikubaaqudgha's Catalogue of Evil Arts (Kikubaaqudgha gifted it to you on level 4 of the Dungeon)
  1903 | D:4      | Received a gift from Kikubaaqudgha
  1924 | D:4      | Learned a level 1 spell: Pain
  2001 | D:4      | Found an iron altar of Okawaru.
  2002 | D:4      | Found a snail-covered altar of Cheibriados.
  2002 | D:4      | Found a hide-covered altar of Uskayaw.
  2696 | D:5      | Entered Level 5 of the Dungeon
  2744 | D:5      | Reached skill level 5 in Conjurations
  2744 | D:5      | Reached XP level 7. HP: 44/55 MP: 3/11
  3072 | D:5      | Found an opulent altar of Gozag.
  3120 | D:5      | Reached skill level 3 in Necromancy
  3385 | D:6      | Reached skill level 5 in Poison Magic
  3412 | D:6      | Found an opulent altar of Gozag.
  3439 | D:6      | Reached skill level 4 in Necromancy
  3461 | D:6      | Found an ornate altar of the Wu Jian Council.
  3545 | D:6      | Found a deep blue altar of Sif Muna.
  3560 | D:6      | Reached XP level 8. HP: 62/62 MP: 10/12
  3648 | D:6      | Found a transporter.
  3692 | D:6      | Found a transporter.
  3802 | D:6      | Reached skill level 5 in Necromancy
  3828 | D:6      | Reached ** piety under Kikubaaqudgha
  3919 | D:6      | Found a staircase to the Ecumenical Temple.
  3928 | Temple   | Entered the Ecumenical Temple
  4113 | D:6      | Noticed Edmund
  4146 | D:6      | Killed Edmund
  4338 | D:7      | Noticed Duvessa
  4346 | D:7      | Noticed Dowan
  4349 | D:7      | Noticed a spriggan baker
  4353 | D:7      | Killed Dowan
  4361 | D:7      | Killed a spriggan baker
  4361 | D:7      | Reached skill level 6 in Necromancy
  4367 | D:7      | Killed Duvessa
  4481 | D:7      | Found an opulent altar of Gozag.
  4540 | D:7      | Reached skill level 7 in Necromancy
  4545 | D:7      | Reached XP level 9. HP: 59/68 MP: 8/13
  4788 | D:7      | Got a faintly glowing hunting sling
  4789 | D:7      | Identified the +3 hunting sling of Megalomania {velocity, *Corrode rElec rF+++ Str+2} (You found it on level 7 of the Dungeon)
  5000 | D:7      | Reached skill level 8 in Necromancy
  5112 | D:9      | Found Rawear's Antique Armour Shoppe.
  5159 | D:8      | Noticed a two-headed ogre
  5187 | D:8      | Killed a two-headed ogre
  5187 | D:8      | Reached skill level 9 in Necromancy
  5504 | D:9      | Noticed a two-headed ogre
  5592 | D:9      | Noticed Joseph
  5602 | D:9      | Noticed a troll
  5750 | D:9      | Noticed a troll
  5769 | D:9      | Killed a troll
  5769 | D:9      | Reached XP level 10. HP: 19/75 MP: 11/15
  5833 | D:9      | Noticed Totori's ghost (journeyman OgFi)
  5895 | D:8      | Reached skill level 1 in Armour
  5926 | D:8      | Found the +5 scythe "Finisher" {speed, Str+3}
  6133 | D:9      | Killed a two-headed ogre
  6187 | D:9      | Found a shattered altar of Ashenzari.
  6188 | D:9      | Found an ancient bone altar of Kikubaaqudgha.
  6229 | D:9      | Killed Joseph
  6254 | D:9      | Found a glowing silver altar of Zin.
  6254 | D:9      | Found a shimmering altar of Xom.
  6304 | D:9      | Found a shadowy altar of Dithmenos.
  6311 | D:9      | Noticed a two-headed ogre
  6319 | D:9      | Slain by a two-headed ogre

Vault maps used:
D:1:      zaba_arrival_water, minmay_pentomino_t2
D:2:      grunt_temple_overflow_growth_and_decay
D:3:      nicolae_overflow_crystal_walls, nemelex_xobeh_ov_fountains_minmay
D:4:      gammafunk_temple_overflow_forgotten, first_ration
D:5:      basic_altar
D:6:      gammafunk_steamed_eel, lemuel_doored_altar,
          minmay_temple_entry_junction_2, basic_altar, grunt_gozag_statues,
          uniq_edmund
D:7:      the_bakery, kennysheep_flooded_box, minmay_misc_feat_tiny,
          minmay_misc_feat_pillars, uniq_duvessa
D:8:      serial_curves, eino_curves_03, eino_curves_02,
          minmay_guarded_unrand_finisher
D:9:      minmay_the_grid_octo_triangle, kennysheep_mini_moat, serial_shops,
          nicolae_shop_crystal, uniq_joseph, uniq_pikel
Temple:   nicolae_temple_god_jail

Skill      XL: |  1  2  3  4  5  6  7  8  9 10 |
---------------+-------------------------------+-----
Conjurations   | 2 3 4 5 6 |  6.3
Stealth        | 4 5 |  5.0
Poison Magic   | 1 2 3 5 6 7 |  7.0
Necromancy     | 1 2 4 7 9 |  9.9
Translocations | 2 4 |  4.4
Armour         | 3 |  3.0
Spellcasting   | 4 |  4.5
Dodging        | |  1.5
Summonings     | |  1.0

Action                   |  1- 3 |  4- 6 |  7- 9 | 10-12 || total
-------------------------+-------+-------+-------+-------++-------
Melee: Spear             |    15 |    36 |    83 |       ||   134
       Dagger            |       |     2 |    97 |    35 ||   134
       Dire flail        |       |       |    13 |       ||    13
 Fire: Shortbow          |       |       |    32 |    25 ||    57
       Hunting sling     |       |       |       |    22 ||    22
 Cast: Magic Dart        |    54 |    97 |    59 |     8 ||   218
       Mephitic Cloud    |       |     4 |    25 |    10 ||    39
       Pain              |       |     4 |    61 |    12 ||    77
       Blink             |       |       |     6 |     7 ||    13
 Abil: Spit Poison       |    20 |    46 |    52 |    14 ||   132
Evoke: Wand              |       |       |    12 |    17 ||    29
       Fan of gales      |       |       |       |     1 ||     1
  Use: Scroll            |       |     7 |     7 |     1 ||    15
       Potion            |       |       |     8 |     2 ||    10
 Stab: Confused          |       |     1 |     6 |       ||     7
       Sleeping          |       |       |     1 |       ||     1
  Eat: Chunk             |       |     8 |    13 |     1 ||    22
       Ration            |       |       |     1 |       ||     1
Armor: Robe              |     7 |     5 |    80 |       ||    92
       Troll leather arm |       |       |       |    58 ||    58
Dodge: Dodged            |    11 |    25 |    92 |    37 ||   165
       Deflected         |       |       |     1 |     4 ||     5

Table legend:
 A = Spawn XP
 B = Non-spawn XP
 C = Spawn XP percentage of total XP
 D = Spawn monster count
 E = Non-spawn monster count
 F = Spawn count percentage of total count
 G = Total turns spent on level
                    A         B        C        D         E        F      G
               +---------+---------+-------+---------+---------+-------+---------
         Total |       0 |    6804 |   0.0 |       0 |     150 |   0.0 |  6319
               +---------+---------+-------+---------+---------+-------+---------
           D:1 |       0 |      46 |   0.0 |       0 |      18 |   0.0 |   575
           D:2 |       0 |      96 |   0.0 |       0 |      24 |   0.0 |   507
           D:3 |       0 |      50 |   0.0 |       0 |      18 |   0.0 |   515
           D:4 |       0 |     412 |   0.0 |       0 |      18 |   0.0 |  1099
           D:5 |       0 |     239 |   0.0 |       0 |       9 |   0.0 |   680
           D:6 |       0 |     839 |   0.0 |       0 |      22 |   0.0 |   828
           D:7 |       0 |    1034 |   0.0 |       0 |      17 |   0.0 |   764
           D:8 |       0 |    2135 |   0.0 |       0 |      14 |   0.0 |   605
           D:9 |       0 |    1953 |   0.0 |       0 |      10 |   0.0 |   698
               +---------+---------+-------+---------+---------+-------+---------
